Map: Романтицид РВ

Players

Mannemersu

  • Race: Zerg Zerg
  • League: Diamond

Kantara - Winner!

  • Race: Protoss Protoss
  • League: Diamond

VOD

Have the link to the VOD?

Description

Time

  • Played on: July 6, 2021, 5:59 p.m.
  • Length: 21:13
Show
View Real Time Build Order
Export as new Build Order

Mannemersu Zerg 

Build Orders: Hatch First 

Get SALT Encoding   

  12  0:00  Drone  
  13  0:12  Overlord  
  13  0:17  Drone  
  14  0:31  Drone x2  
  16  0:49  Hatchery  
  15  0:52  Drone  
  15  0:56  Drone  
  17  1:00  Drone  
  18  1:14  Extractor  
  18  1:17  Spawning Pool  
  16  1:19  Drone  
  16  1:23  Drone  
  18  1:28  Drone  
  19  1:38  Drone  
  20  1:51  Drone  
  21  2:00  Drone  
  22  2:03  Queen  
  22  2:05  Queen  
  22  2:06  Zergling x2  
  27  2:10  Overlord  
  27  2:12  Zergling x2  
  28  2:16  Metabolic Boost  
  28  2:25  Overlord  
  28  2:29  Drone  
  29  2:36  Drone x2  
  31  2:40  Queen  
  33  2:47  Queen  
  33  2:50  Drone  
  36  2:51  Drone  
  36  2:56  Drone  
  36  2:57  Drone  
  38  3:09  Drone x2  
  40  3:18  Hatchery  
  39  3:29  Queen  
  39  3:32  Queen  
  43  3:34  Overlord  
  43  3:35  Overlord  
  43  4:00  Drone x7  
  43  4:02  Hatchery  
  49  4:03  Drone  
  49  4:05  Drone  
  51  4:12  Spore Crawler  
  51  4:14  Spore Crawler  
  49  4:23  Extractor  
  48  4:29  Drone x3  
  48  4:30  Drone x6  
  57  4:39  Overlord  
  57  4:46  Overlord  
  57  4:53  Spore Crawler  
  57  4:56  Queen  
  58  5:11  Drone x2  
  58  5:12  Drone x5  
  58  5:13  Overlord x2  
  58  5:14  Overlord x2  
  65  5:17  Extractor x2  
  63  5:28  Extractor, Drone x5  
  68  5:29  Lair  
  67  5:36  Overlord  
  67  5:37  Zergling x8  
  67  5:38  Zergling x2  
  72  5:48  Evolution Chamber  
  72  5:49  Evolution Chamber  
  70  5:58  Drone x5  
  70  5:59  Drone x2  
  77  6:05  Drone x2  
  77  6:08  Roach Warren  
  78  6:28  Spore Crawler  
  78  6:30  Spire  
  76  6:33  Spore Crawler  
  74  6:47  Spore Crawler  
  73  6:57  Spore Crawler  
  73  6:59  Queen  
  73  7:00  Queen  
  70  7:20  Drone x4  
  70  7:21  Queen  
  70  7:52  Queen  
  70  7:54  Queen  
  70  7:56  Corruptor x2, Zerg Flyer Weapons Level 1  
  70  7:57  Corruptor x6  
  70  7:58  Corruptor  
  89  7:59  Overlord x2  
  89  8:00  Overlord x4  
  87  8:16  Hatchery  
  87  8:18  Spore Crawler  
  84  8:20  Spore Crawler  
  84  8:22  Overlord, Zergling x6  
  84  8:23  Zergling x26  
  99  8:44  Hatchery  
  98  9:02  Hatchery  
  97  9:09  Zerg Melee Weapons Level 1  
  97  9:14  Extractor  
  96  9:17  Drone x7  
  103  9:26  Drone x5  
  103  9:27  Drone x2  
  103  9:30  Queen  
  112  9:44  Queen  
  114  9:55  Zerg Flyer Armor Level 1  
  114  9:57  Mutalisk x2  
  114  9:58  Mutalisk x6  
  130  10:00  Mutalisk  
  130  10:06  Drone x4  
  137  10:07  Drone  
  137  10:20  Drone x9  
  146  10:30  Mutalisk x5  
  156  10:41  Extractor  
  155  10:45  Extractor x2  
  153  10:55  Mutalisk x2  
  153  10:56  Overlord x2  
  153  10:57  Overlord x5  
  157  11:08  Overseer x2  
  157  11:12  Pneumatized Carapace  
  157  11:29  Hatchery  
  156  11:46  Drone x2  
  156  11:47  Mutalisk x8, Overlord  
  158  11:49  Zergling x30  
  158  11:50  Zergling x14  
  158  11:51  Zergling x6  
  199  11:58  Infestation Pit  
  194  12:24  Hatchery  
  192  12:50  Zerg Flyer Weapons Level 2  
  190  12:52  Hive  
  190  12:57  Spire  
  189  13:07  Hatchery  
  186  13:35  Extractor  
  186  13:37  Extractor  
  183  14:04  Burrow  
  183  14:12  Corruptor x3  
  183  14:13  Corruptor x5  
  183  14:16  Overseer x2  
  199  14:37  Pathogen Glands  
  199  14:40  Drone  
  200  14:53  Spore Crawler  
  200  14:55  Spine Crawler  
  200  14:57  Spine Crawler  
  186  15:13  Drone x5  
  186  15:14  Drone x12  
  192  15:15  Drone x3  
  192  15:16  Spore Crawler  
  192  15:20  Spore Crawler  
  198  15:22  Spine Crawler  
  198  15:23  Spine Crawler  
  198  15:28  Drone x3  
  199  15:34  Neural Parasite  
  196  15:56  Spine Crawler  
  196  15:57  Spore Crawler, Extractor x2  
  192  16:01  Spine Crawler  
  192  16:04  Zerg Flyer Armor Level 2, Zerg Flyer Weapons Level 3  
  189  16:12  Drone  
  189  16:15  Corruptor x5  
  200  16:30  Spine Crawler x3  
  197  16:34  Adrenal Glands  
  197  16:38  Zerg Melee Weapons Level 2  
  197  16:39  Zerg Ground Armor Level 1  
  197  16:44  Hatchery  
  155  17:05  Corruptor x2  
  155  17:06  Corruptor x8  
  155  17:07  Corruptor  
  149  17:11  Corruptor x5  
  149  17:12  Corruptor x4  
  149  17:14  Infestor x4  
  175  17:26  Drone x3  
  178  17:39  Spore Crawler  
  178  17:40  Drone x6  
  178  17:41  Spore Crawler x2, Drone x2  
  178  17:42  Spore Crawler  
  178  17:43  Spore Crawler x2, Corruptor x3  
  178  17:44  Corruptor  
  188  17:58  Overlord x2  
  188  18:11  Overseer x2  
  188  18:14  Overseer  
  188  18:15  Overseer x3  
  188  18:24  Drone x3  
  191  18:33  Spine Crawler  
  190  18:35  Spore Crawler  
  190  18:37  Spine Crawler  
  188  18:45  Overseer x2  
  188  18:54  Greater Spire  
  179  19:28  Spore Crawler  
  179  19:29  Spore Crawler, Drone x7  
  179  19:30  Spore Crawler x3, Drone x2  
  183  19:33  Spore Crawler  
  102  20:12  Corruptor x3  
  102  20:13  Corruptor x8  
  102  20:14  Corruptor x7  
  112  20:15  Corruptor  
  130  20:26  Corruptor x3  
  130  20:27  Corruptor x4  
  142  20:29  Overlord x4  
  142  20:30  Overlord x3  
Show
View Real Time Build Order
Export as new Build Order

Kantara Protoss - Winner!

Build Orders: 1 Gate Expand, Carriers 

Get SALT Encoding   

  12  0:00  Probe  
  13  0:12  Probe  
  14  0:21  Pylon  
  14  0:25  Probe (Chrono Boost)  
  15  0:40  Gateway  
  15  0:41  Probe (Chrono Boost)  
  16  0:48  Probe (Chrono Boost)  
  17  0:51  Assimilator  
  17  0:58  Probe  
  18  1:10  Probe  
  19  1:22  Probe  
  20  1:30  Nexus  
  20  1:35  Cybernetics Core  
  20  1:37  Probe (Chrono Boost)  
  21  1:42  Assimilator  
  21  1:49  Probe (Chrono Boost)  
  21  1:53  Pylon  
  22  1:57  Probe (Chrono Boost)  
  23  2:11  Probe (Chrono Boost), Stalker  
  27  2:23  Probe (Chrono Boost)  
  27  2:29  Probe (Chrono Boost)  
  27  2:31  Stargate  
  28  2:37  Probe  
  28  2:39  Shield Battery  
  29  2:45  Sentry  
  29  2:50  Probe (Chrono Boost)  
  32  2:53  Forge  
  33  2:59  Probe (Chrono Boost)  
  33  3:01  Probe (Chrono Boost)  
  34  3:06  Assimilator, Probe (Chrono Boost)  
  34  3:07  Probe (Chrono Boost)  
  34  3:08  Assimilator  
  36  3:17  Void Ray  
  36  3:25  Probe x2 (Chrono Boost)  
  41  3:31  Pylon  
  41  3:37  Probe (Chrono Boost), Pylon  
  43  3:43  Probe (Chrono Boost)  
  43  3:46  Probe (Chrono Boost)  
  44  3:49  Stargate  
  44  3:56  Probe  
  44  3:59  Probe  
  46  4:15  Fleet Beacon  
  46  4:17  Probe  
  46  4:18  Probe  
  48  4:28  Protoss Air Weapons Level 1 (Chrono Boost)  
  48  4:29  Pylon  
  48  4:30  Probe x2  
  50  4:36  Pylon  
  50  4:42  Probe x2  
  52  4:54  Probe x2  
  52  4:58  Tempest x2 (Chrono Boost)  
  64  5:19  Nexus  
  64  5:22  Probe  
  64  5:23  Photon Cannon  
  65  5:30  Probe  
  65  5:33  Pylon  
  66  5:37  Tempest (Chrono Boost)  
  66  5:38  Tempest (Chrono Boost)  
  76  5:53  Probe (Chrono Boost)  
  76  5:55  Probe (Chrono Boost)  
  76  5:56  Pylon  
  86  6:09  Mothership (Chrono Boost)  
  86  6:25  Void Ray x2  
  94  6:40  Photon Cannon  
  94  6:43  Photon Cannon  
  94  6:44  Unknown  
  94  6:52  Probe x2  
  96  6:55  Photon Cannon  
  96  6:58  Photon Cannon  
  96  7:00  Photon Cannon  
  96  7:02  Void Ray x2  
  96  7:04  Probe x2, Pylon  
  106  7:16  Probe (Chrono Boost)  
  106  7:19  Probe (Chrono Boost)  
  108  7:27  Photon Cannon  
  108  7:28  Probe (Chrono Boost)  
  108  7:29  Photon Cannon  
  110  7:30  Photon Cannon  
  110  7:31  Photon Cannon, Cybernetics Core  
  110  7:32  Probe (Chrono Boost)  
  110  7:39  Protoss Air Weapons Level 2 (Chrono Boost)  
  110  7:40  Probe  
  111  7:51  Void Ray  
  115  8:09  Probe x2  
  117  8:18  Pylon  
  117  8:22  Pylon  
  117  8:24  Pylon  
  117  8:25  Warp Gate (Chrono Boost)  
  117  8:29  Void Ray  
  117  8:30  Pylon, Void Ray  
  117  8:31  Pylon  
  117  8:35  Probe  
  117  8:36  Pylon, Probe x2  
  118  8:44  Assimilator x2  
  118  8:46  Photon Cannon, Shield Battery  
  118  8:47  Probe  
  118  8:48  Photon Cannon, Twilight Council, Shield Battery x2  
  119  8:57  Photon Cannon  
  119  8:58  Photon Cannon x2  
  119  9:01  Photon Cannon x2  
  119  9:04  Photon Cannon  
  119  9:06  Protoss Ground Weapons Level 1 (Chrono Boost), Void Ray  
  119  9:14  Void Ray  
  123  9:20  Nexus  
  127  9:25  Pylon, Templar Archives  
  127  9:27  Pylon  
  127  9:33  Gateway x2  
  127  9:37  Gateway  
  127  9:40  Gateway  
  127  9:42  Gateway  
  127  9:44  Charge (Chrono Boost)  
  127  9:45  Pylon  
  127  10:02  Psionic Storm  
  127  10:04  Probe x3  
  130  10:16  High Templar, Probe  
  130  10:17  Protoss Air Armor Level 1 (Chrono Boost)  
  130  10:20  Protoss Air Weapons Level 3 (Chrono Boost)  
  133  10:28  Pylon  
  133  10:29  High Templar x2  
  133  10:30  Assimilator  
  133  10:34  High Templar  
  133  10:35  Assimilator  
  139  10:51  Robotics Facility  
  139  10:54  Phoenix  
  139  11:03  Photon Cannon  
  139  11:05  Photon Cannon  
  139  11:06  Protoss Ground Weapons Level 2  
  139  11:07  Photon Cannon  
  139  11:09  Photon Cannon  
  139  11:10  Photon Cannon  
  139  11:11  Carrier (Chrono Boost), Photon Cannon  
  139  11:12  Carrier (Chrono Boost)  
  139  11:14  Shield Battery  
  151  11:19  Shield Battery  
  151  11:25  Photon Cannon  
  151  11:26  Probe x4  
  155  11:32  Dark Shrine  
  155  11:38  Observer (Chrono Boost)  
  156  11:43  Zealot x6  
  168  11:51  Observer (Chrono Boost)  
  169  12:04  Carrier (Chrono Boost)  
  181  12:10  High Templar  
  181  12:11  High Templar, Carrier (Chrono Boost)  
  181  12:12  High Templar  
  181  12:13  High Templar  
  181  12:15  Archon  
  189  12:17  Archon  
  177  12:41  Shadow Stride (Chrono Boost)  
  177  12:45  Nexus  
  177  12:48  Pylon  
  177  12:49  Observer  
  177  12:51  Pylon  
  178  12:54  Assimilator, Carrier (Chrono Boost)  
  178  12:55  Assimilator  
  184  13:00  Stargate  
  184  13:02  Carrier (Chrono Boost), Stargate  
  190  13:16  Dark Templar x3  
  196  13:20  Dark Templar  
  186  13:36  Void Ray (Chrono Boost)  
  178  13:50  Carrier (Chrono Boost)  
  178  13:55  Carrier (Chrono Boost)  
  189  14:11  Nexus  
  189  14:14  Pylon  
  188  14:28  Dark Templar x6  
  200  14:46  Protoss Air Armor Level 2 (Chrono Boost)  
  188  15:14  Dark Templar x4  
  188  15:15  Dark Templar x2  
  200  15:36  Assimilator  
  200  15:38  Assimilator  
  188  16:05  Photon Cannon x2  
  188  16:07  Photon Cannon x2  
  188  16:09  Photon Cannon  
  188  16:11  Pylon  
  188  16:12  Pylon x2  
  188  16:13  Pylon  
  188  16:24  Stargate  
  188  16:25  Stargate  
  188  16:26  Stargate  
  188  16:30  Protoss Ground Weapons Level 3 (Chrono Boost)  
  177  17:02  Mothership (Chrono Boost)  
  185  17:14  Pylon  
  185  17:16  Pylon, Photon Cannon  
  185  17:18  Photon Cannon  
  185  17:19  Photon Cannon x2  
  185  17:20  Photon Cannon  
  185  17:21  Photon Cannon  
  185  17:22  Photon Cannon  
  185  17:33  Protoss Air Armor Level 3 (Chrono Boost)  
  185  17:34  Nexus  
  185  17:35  Pylon  
  185  17:38  Pylon  
  185  17:40  Assimilator  
  185  17:46  Assimilator  
  185  17:59  High Templar x2  
  185  18:00  High Templar x2  
  193  18:23  Gateway x2  
  193  18:29  Dark Templar x2  
  193  18:31  Gateway x2, Dark Templar  
  199  18:37  Gateway  
  199  18:52  Photon Cannon  
  199  18:53  Photon Cannon  
  199  18:56  Photon Cannon  
  199  18:57  Photon Cannon  
  199  18:59  Photon Cannon  
  199  19:00  Photon Cannon x2  
  199  19:03  Shield Battery  
  199  19:04  Photon Cannon, Shield Battery  
  199  19:08  Shield Battery  
  173  20:13  Dark Templar x2  
  173  20:14  Dark Templar x8  
Tags
 
Add a new tag
Caveats
  • Supply blocks, unpowered buildings, or Contaminate may cause inaccurate times.
  • Supply counts are checked every 10 seconds.